 Dungeon Crawl Stone Soup version 0.27.1-1-g398f81649c (webtiles) character file.

Game seed: 11832382274689090735

42 Rickety the Sneak (level 3, 0/16 HPs)
             Began as a Spriggan Enchanter on Sept 15, 2021.
             Slain by a goblin (2 damage)
             ... led by Robin
             ... on level 2 of the Dungeon.
             The game lasted 00:03:38 (1729 turns).

Rickety the Sneak (Spriggan Enchanter)              Turns: 1729, Time: 00:03:39

Health: 0/16       AC:  2    Str:  4    XL:     3   Next: 35%
Magic:  4/8        EV: 17    Int: 16    God:
Gold:   51         SH:  0    Dex: 16    Spells: 2/8 levels left

rFire    . . .     SeeInvis +   a - +0 dagger (venom)
rCold    . . .     Faith    .   (shield restricted)
rNeg     . . .     Spirit   .   e - +0 robe
rPois    .         Reflect  .   h - +0 hat
rElec    .         Harm     .   (no cloak)
rCorr    .         Rampage  .   (gloves unavailable)
Will     .....                  (boots unavailable)
Stlth    +++.......             (no amulet)
HPRegen  0.05/turn              (no ring)
MPRegen  0.11/turn              (no ring)

@: very quick
A: very small, no large weapons, unfitting armour, see invisible, speed 3
a: no special abilities


You were on level 2 of the Dungeon.
You visited 1 branch of the dungeon, and saw 2 of its levels.

You collected 51 gold pieces.

Inventory:

Hand Weapons
 a - a +0 dagger of venom (weapon)
 b - a +0 vampiric dagger
 i - a +1 dagger
Armour
 e - a +0 robe (worn)
 h - a +0 hat (worn)
Scrolls
 c - a scroll of vulnerability {unknown}
 g - a scroll of teleportation {unknown}
Potions
 d - a potion of heal wounds {unknown}
 f - a potion of flight {unknown}


   Skills:
 + Level 1.1 Short Blades
 + Level 3.1 Dodging
 * Level 5.7 Stealth
 + Level 3.3 Spellcasting
 + Level 3.8 Hexes
 + Level 0.1 Ice Magic


You had 2 spell levels left.
You knew the following spells:

 Your Spells              Type           Power      Damage    Failure   Level
a - Corona                Hex            15%        N/A       3%          1
b - Ensorcelled Hibernat  Hex/Ice        16%        N/A       12%         2
c - Confusing Touch       Hex            14%        N/A       12%         3

Your spell library contained the following spells:

 Spells                   Type           Power      Damage    Failure   Level
 Tukima's Dance           Hex            14%        N/A       12%         3
 Dazzling Flash           Conj/Hex       16%        N/A       26%         3


Dungeon Overview and Level Annotations

Branches:
Dungeon (2/15)

Altars:

Annotations:
D:2 Robin, Sigmund


Innate Abilities, Weirdness & Mutations

You are very small and have problems with some larger weapons.
You are too small for most types of armour.
You have supernaturally acute eyesight. (SInv)
You cover ground extremely quickly. (Speed+++)


Message History

The goblins go into a battle-frenzy!
You hit the goblin but do no damage.
The goblin unwields a +0 hunting sling.
The goblin wields a +0 dagger.
The goblin misses you.
You hit the goblin but do no damage. Robin throws the goblin at you!
The goblin barely misses you.
You barely miss the goblin. The goblin closely misses you.
The goblin hits you but does no damage.
You hit the goblin but do no damage.
The goblin appears confused.
The goblin closely misses you. The goblin completely misses you.
You catch the helpless goblin completely off-guard!
You puncture the goblin!
You kill the goblin!
The goblin completely misses you.
Items here: ( )) †.
You barely miss the goblin. You hit the goblin.
The goblin is poisoned.
The goblin is severely wounded.
You kill the goblin!
You hit the goblin.
The goblin is severely wounded.
Robin throws the goblin at you! The goblin hits you with a +0 dagger.
Items here: (( )))) ††.
You barely miss the goblin. The goblin barely misses you.
The goblin hits you with a +0 dagger.
You barely miss the goblin. The goblin hits you with a +0 dagger.
* * * LOW HITPOINT WARNING * * *
The goblin completely misses you. The goblin barely misses you.
You hit the goblin but do no damage.
The goblin is severely wounded.
The goblin no longer looks unusually strong.
The goblin completely misses you. The goblin hits you with a +0 dagger.
* * * LOW HITPOINT WARNING * * *
The goblin completely misses you.
You hit the goblin but do no damage.
The goblin is poisoned.
The goblin is severely wounded.
You kill the goblin!
The goblin no longer looks unusually strong.
The goblin hits you with a +0 dagger.
You die...

#........#
#........#
#........#
#........#
#..÷.....#
#.<......#
######...#
##g)# ##@# #g#
#g###
####g#.#######
#..gg#..g..r..
#.##.r.#.#####
#.
#.....g..g..
#.
#.#....gg...
..
#.###.###.##


You could see Robin, a hobgoblin (strong), 4 goblins and a rat.

Vanquished Creatures
  An adder (D:2)
  4 ball pythons (D:1)
  A bat (D:1)
  5 endoplasms (D:1)
  A giant cockroach (D:1)
  3 hobgoblins
  2 quokkas (D:1)
  3 frilled lizards (D:1)
  7 goblins
  3 kobolds (D:1)
  A rat (D:1)
31 creatures vanquished.

Notes
Turn   | Place    | Note
-------+----------+-------------------------------------------
     0 | D:1      | Rickety the Spriggan Enchanter began the quest for the Orb.
     0 | D:1      | Reached XP level 1. HP: 9/9 MP: 5/5
   577 | D:1      | Reached XP level 2. HP: 13/13 MP: 7/7
   580 | D:1      | Learned a level 2 spell: Ensorcelled Hibernation
   909 | D:1      | Reached skill level 5 in Stealth
  1078 | D:1      | You fall into a shaft and drop 1 floor!
  1309 | D:2      | Reached XP level 3. HP: 14/16 MP: 1/8
  1315 | D:1      | Learned a level 3 spell: Confusing Touch
  1335 | D:2      | Noticed Sigmund
  1696 | D:2      | Noticed Robin
  1729 | D:2      | Slain by a goblin

Illustrated notes

Levels and vault maps discovered:
D:1:      giann_bridges, layout_loops_ring, minmay_strange_pillars
D:2:      layout_rooms, shapermc_ecumenical_altar_mp_urbaneastern, uniq_sigmund,
          uniq_robin

Skill      XL: |  1  2 |
---------------+-------+-----
Spellcasting   | 3 |  3.3
Dodging        | 3 |  3.1
Stealth        | 5 |  5.7
Short Blades   | |  1.1
Hexes          | |  3.8
Ice Magic      | |  0.1

Action                   || total
-------------------------++-------
Melee: Dagger            ||    80
 Cast: Corona            ||     7
       Ensorcelled Hiber ||    17
       Confusing Touch   ||     2
 Stab: Sleeping          ||    17
       Confused          ||     1
Armor: Robe              ||     9
Dodge: Dodged            ||    53
